 Dungeon Crawl Stone Soup version 0.26.1-2-gb8aa6d0cf2 (webtiles) character file.

Game seed: 14537391508242017155

391850 greynaab the Coward (level 23, -29/162 HPs)
             Began as a Gnoll Fire Elementalist on Feb 4, 2021.
             Was the Champion of Okawaru (penitent).
             Annihilated by the Royal Jelly (39 damage)
             ... while paralysed by a great orb of eyes
             ... on level 5 of the Pits of Slime on Feb 9, 2021.
             The game lasted 08:07:01 (62869 turns).

greynaab the Coward (Gnoll Fire Elementalist)      Turns: 62869, Time: 08:07:01

Health: -29/162    AC:  7    Str: 18    XL:     23   Next: 11%
Magic:  32/38      EV:  2    Int: 32    God:    Okawaru [*]
Gold:   3289       SH:  0    Dex: 19    Spells: 8/53 levels left

rFire    + + .     SeeInvis +   a - +9 eveningstar "Kah Fyc" {speed, +Fly rElec rF+}
rCold    + + .     Faith    .   Q - +2 kite shield {rC+ rF+}
rNeg     + . .     Spirit   .   N - +1 steam dragon scales
rPois    .         Reflect  +   S - +1 helmet of Odwaphei {*Drain rC+ Will+ Int+4}
rElec    +         Harm     .   q - +2 cloak {rCorr}
rCorr    +         Rampage  .   i - +2 pair of gloves of Summertime {rCorr}
Will     ++...                  I - +2 pair of boots {run}
Stlth    ++++++....             o - amulet of reflection
HPRegen  0.37/turn              t - ring of Neciat {+Inv rN+ Str+6 Int+3 SInv}
MPRegen  0.26/turn              l - ring of Miracles {Wiz rElec Int+2}

@: paralysed, corroded, quick
A: distributed training, fangs 1, deterioration 1, frail 1, low mp 1, no potion
heal 1, strong nose
}: 2/15 runes: decaying, serpentine
a: Renounce Religion, Evoke Invisibility, Evoke Flight


You were on level 5 of the Pits of Slime.
You worshipped Okawaru.
Okawaru was demanding penance.
You visited 8 branches of the dungeon, and saw 42 of its levels.
You visited 1 bazaar.
You also visited: Sewer, Ice Cave and Desolation.

You collected 5617 gold pieces.
You spent 2328 gold pieces at shops.

Inventory:

Hand Weapons
 a - the +9 eveningstar "Kah Fyc" (weapon) {speed, +Fly rElec rF+}
   (Okawaru gifted it to you on level 2 of the Vaults)

   Attacks with this weapon are significantly faster.
   It protects you from fire.
   It insulates you from electricity.
   It lets you fly.
 b - the +5 hand crossbow of Tauw {penet, rF+}
   (You acquired it on level 12 of the Dungeon)

   Ammo fired by it passes through the targets it hits, potentially hitting all
   targets in its path until it reaches maximum range.
   It protects you from fire.
 x - a +9 demon whip of freezing
 G - the +3 broad axe "Grim Tooth" {protect, Will+ Int+7}
   (Okawaru gifted it to you on level 6 of the Lair of Beasts)

   It grants its wielder temporary protection when it strikes (+7 to AC).
   It affects your intelligence (+7).
   It affects your willpower, your defense against some magical effects.
Missiles
 c - 744 bolts
 J - 2 throwing nets
 K - 21 curare-tipped darts (quivered)
Armour
 i - the +2 pair of gloves of Summertime (worn) {rCorr}
   (You found it on level 3 of the Swamp)

   It provides partial protection from all sources of acid and corrosion.
 q - a +2 cloak of preservation (worn)
 I - a +2 pair of boots of running (worn)
 N - +1 steam dragon scales (worn)
 Q - a +2 kite shield of resistance (worn)
 S - the +1 helmet of Odwaphei (worn) {*Drain rC+ Will+ Int+4}
   (You found it on level 9 of the Dungeon)

   It affects your intelligence (+4).
   It protects you from cold.
   It affects your willpower, your defense against some magical effects.
   It causes draining when unequipped.
Jewellery
 l - the ring of Miracles (right hand) {Wiz rElec Int+2}
   (You found it in the Desolation of Salt)

   [ring of wizardry]

   It improves your spell success rate.
   It affects your intelligence (+2).
   It insulates you from electricity.
 o - an amulet of reflection (around neck)
 t - the ring of Neciat (left hand) {+Inv rN+ Str+6 Int+3 SInv}
   (You found it in the Desolation of Salt)

   [ring of see invisible]

   It affects your strength (+6).
   It affects your intelligence (+3).
   It protects you from negative energy.
   It lets you see invisible.
   It lets you turn invisible.
 E - the ring of Nyupidul {rF+ Int-5 Dex+6 Slay+5}
   (You took it off a servant of whispers in the Desolation of Salt)

   [ring of dexterity]

   It affects your intelligence (-5).
   It affects your dexterity (+6).
   It affects your accuracy and damage with ranged weapons and melee attacks
   (+5).
   It protects you from fire.
Wands
 h - a wand of polymorph (23)
 C - a wand of paralysis (32)
 W - a wand of acid (12)
 X - a wand of enslavement (4)
 Z - a wand of iceblast (2)
Scrolls
 g - 5 scrolls of immolation
 j - 17 scrolls of teleportation
 r - 3 scrolls of fear
 s - 2 scrolls of blinking
 u - 16 scrolls of remove curse
 w - 10 scrolls of identify
 y - 5 scrolls of fog
 H - 4 scrolls of silence
 R - 3 scrolls of holy word
 U - 4 scrolls of magic mapping
 V - 5 scrolls of summoning
Potions
 f - 3 potions of resistance
 k - 11 potions of might
 m - 16 potions of curing
 n - 5 potions of brilliance
 p - 3 potions of berserk rage
 v - 7 potions of flight
 z - 15 potions of heal wounds
 A - 4 potions of magic
 B - 2 potions of cancellation
 D - 4 potions of ambrosia
 L - 5 potions of invisibility
 O - 6 potions of mutation
 P - 14 potions of lignification
Miscellaneous
 d - a condenser vane (inert)
 e - a lightning rod (4/4)
 F - a phial of floods
 M - a tin of tremorstones (inert)
 T - a phantom mirror (inert)
 Y - a box of beasts


   Skills:
 + Level 14.9 Fighting
 + Level 14.9 Short Blades
 + Level 14.9 Long Blades
 + Level 14.9 Axes
 + Level 14.9 Maces & Flails
 + Level 14.9 Polearms
 + Level 14.9 Staves
 + Level 14.9 Slings
 + Level 14.9 Bows
 + Level 14.9 Crossbows
 + Level 14.9 Throwing
 + Level 14.9 Armour
 + Level 15.5 Dodging
 + Level 15.4 Stealth
 + Level 14.9 Shields
 + Level 14.9 Unarmed Combat
 + Level 15.6 Spellcasting
 + Level 13.0 Conjurations
 + Level 12.9 Hexes
 + Level 12.9 Summonings
 + Level 12.9 Necromancy
 + Level 12.9 Translocations
 + Level 12.9 Transmutations
 + Level 13.8 Fire Magic
 + Level 12.9 Ice Magic
 + Level 12.9 Air Magic
 + Level 12.9 Earth Magic
 + Level 12.9 Poison Magic
 + Level 16.1 Invocations
 + Level 14.9 Evocations


You had 8 spell levels left.
You knew the following spells:

 Your Spells              Type           Power        Failure   Level
a - Summon Lightning Spi  Summ/Air       82%          1%          4
b - Spellforged Servitor  Conj/Summ      41%          2%          7
c - Orb of Destruction    Conj           41%          2%          7
d - Iron Shot             Conj/Erth      41%          1%          6
e - Ignite Poison         Fire/Tmut/Pois 83%          0%          3
f - Mephitic Cloud        Conj/Pois/Air  82%          1%          3
g - Olgreb's Toxic Radia  Pois           82%          1%          4
h - Statue Form           Tmut/Erth      54%          1%          6
i - Swiftness             Air            82%          0%          2
j - Apportation           Tloc           100%         0%          1
k - Blink                 Tloc           N/A          0%          2

Your spell library contained the following spells:

 Spells                   Type           Power        Failure   Level
 Animate Skeleton         Necr           100%         0%          1
 Corona                   Hex            91%          0%          1
 Foxfire                  Conj/Fire      100%         0%          1
 Freeze                   Ice            100%         0%          1
 Magic Dart               Conj           100%         0%          1
 Pain                     Necr           100%         0%          1
 Sandblast                Erth           100%         0%          1
 Sting                    Tmut/Pois      100%         0%          1
 Summon Small Mammal      Summ           100%         0%          1
 Call Imp                 Summ           82%          0%          2
 Ensorcelled Hibernation  Hex/Ice        100%         0%          2
 Passwall                 Tmut/Erth      68%          0%          2
 Poisonous Vapours        Pois/Air       100%         0%          2
 Slow                     Hex            82%          0%          2
 Sublimation of Blood     Necr           41%          0%          2
 Wereblood                Tmut           82%          0%          2
 Conjure Flame            Conj/Fire      84%          0%          3
 Inner Flame              Hex/Fire       84%          0%          3
 Call Canine Familiar     Summ           82%          1%          3
 Frozen Ramparts          Ice            100%         1%          3
 Gell's Gravitas          Tloc           41%          1%          3
 Lesser Beckoning         Tloc           41%          1%          3
 Ozocubu's Armour         Ice            82%          1%          3
 Static Discharge         Conj/Air       83%          1%          3
 Summon Guardian Golem    Hex/Summ       82%          1%          3
 Teleport Other           Tloc           82%          1%          3
 Vampiric Draining        Necr           41%          1%          3
 Animate Dead             Necr           41%          1%          4
 Hailstorm                Conj/Ice       83%          1%          4
 Leda's Liquefaction      Hex/Erth       41%          1%          4
 Passage of Golubria      Tloc           N/A          1%          4
 Sticky Flame             Conj/Fire      84%          1%          4
 Summon Ice Beast         Ice/Summ       82%          1%          4
 Agony                    Necr           82%          1%          5
 Alistair's Intoxication  Tmut/Pois      54%          1%          5
 Bolt of Magma            Conj/Fire/Erth 41%          1%          5
 Borgnjor's Vile Clutch   Necr/Erth      41%          1%          5
 Fireball                 Conj/Fire      42%          1%          5
 Irradiate                Conj/Tmut      41%          1%          5
 Iskenderun's Battlesphe  Conj           83%          1%          5
 Lee's Rapid Deconstruct  Erth           41%          1%          5
 Silence                  Hex/Air        41%          1%          5
 Summon Demon             Summ           41%          1%          5
 Hydra Form               Tmut           41%          1%          6
 Invisibility             Hex            82%          1%          6
 Shadow Creatures         Summ           N/A          1%          6
 Starburst                Conj/Fire      42%          1%          6
 Dragon Form              Tmut           41%          3%          7
 Malign Gateway           Summ/Tloc      41%          3%          7
 Monstrous Menagerie      Summ           41%          3%          7
 Summon Greater Demon     Summ           41%          3%          7
 Summon Hydra             Summ           41%          3%          7
 Ignition                 Fire           42%          16%         8
 Summon Horrible Things   Summ           41%          22%         8


Dungeon Overview and Level Annotations

Branches:
Dungeon (15/15)            Temple (0/1) D:6            Lair (6/6) D:10
  Swamp (4/4) Lair:2        Snake (4/4) Lair:3        Slime (5/5) Lair:5
    Orc (2/2) D:12            Elf (3/3) Orc:2        Vaults (3/5) D:13
  Crypt (0/3) Vaults:3     Depths (0/5) D:15          Sewer (visited)
  IceCv (visited)         Desolation (visited)

Altars:
Dithmenos
Elyvilon
Makhleb
Okawaru
Qazlal
Ru
Sif Muna
Trog
Uskayaw
Xom
Zin
The Shining One
Beogh
Jiyva

Shops:
D:9 :   D:10 *   Orc:1 (   Orc:2 *(}[!   Elf:1 :*   Elf:3 :([=(   Snake:2 [([=
Vaults:3 (

Portals:
Trove: D:10 (give 8 potions of haste)

Annotations:
D:3 2 transporters, MemeProof's ghost, amateur MiFi
D:7 3 runed translucent doors, Tocho's ghost, novice DECj
Lair:2 2 transporters
Swamp:1 1 runed translucent door
Slime:5 Royal Jelly


Innate Abilities, Weirdness & Mutations

Your experience applies equally to all skills.
You have very sharp teeth.
Your uncanny sense of smell can sniff out nearby items.
Your body sometimes deteriorates upon taking damage.
You are frail. (-10% HP)
Your magical capacity is low. (-10% MP)
Potions are less effective at restoring your health.


Message History

The acid blob hits you.
* * * LOW HITPOINT WARNING * * *
The acid corrodes you!
You are splashed with acid.
You resist.
* * * LOW HITPOINT WARNING * * *
The acid blob is engulfed in blazing flames.
The acid blob spits acid at you. The splash of acid hits you. You resist.
* * * LOW HITPOINT WARNING * * *
You are splashed with acid.
You resist.
* * * LOW HITPOINT WARNING * * *
The acid blob is engulfed in blazing flames.
The acid blob hits you!!
* * * LOW HITPOINT WARNING * * *
You are splashed with acid.
You resist.
* * * LOW HITPOINT WARNING * * *
The great orb of eyes gazes at you. You resist with almost no effort.
The Royal Jelly is engulfed in blazing flames.
Flame seeps out of the Royal Jelly.
The Royal Jelly hits you!!!
You die...

*,,,,,,,,,,,,,,,,
**,......,,,,,,,,
*,.......,,,,,,, ***
**.......,,,,,,, *,*
##.......,,,,,,, #.*
###........,,,,,,, ##.##*
###..........,,,,,,,
#....###JJ..........,,,,,,,
*#.......J@)......(.^,,,,,,
*#.....§JJJG.......,,,,,,,
##.....§..§........,,,,***
#.......§J§........,,,**,*
#.....○............,,**,,,
*#.....°............,**,,,*
#.......○§..........**,,,,,
*#....☼○...(...(.....**,,,,*
*....................***,,*,


You could see the Royal Jelly (inner flame), 4 acid blobs, 2 azure jellies and a
great orb of eyes.

Vanquished Creatures
  Mara (Swamp:4)
  Bai Suzhen (Swamp:4)
  the Lernaean hydra (Swamp:4)
  Frederick (Vaults:2)
  Saint Roka (Orc:2)
  Vashnia (Snake:4)
  Rupert (Lair:3)
  Jorgrun (Elf:1)
  3 deep elf blademasters
  12 acid blobs
  2 deep elf master archers (Elf:3)
  Gastronok (D:12)
  A thorn hunter (Swamp:3)
  Agnes (Snake:1)
  10 nagarajas
  A fenstrider witch (Swamp:3)
  10 azure jellies
  A frost giant (IceCv)
  6 vault wardens
  6 deep elf sorcerers (Elf:3)
  4 deep elf elementalists (Elf:3)
  Aizul (Swamp:1)
  A curse skull (Vaults:3)
  4 ironheart preservers
  5 stone giants (Vaults:2)
  Nessos (D:15)
  7 deep elf demonologists
  3 halazid warlocks (Desolation)
  3 deep elf annihilators (Elf:3)
  The ghost of Wostir the Carver, a journeyman TeMo of the Shining One (Lair:6)
  An entropy weaver (Vaults:1)
  3 bunyips
  An eidolon (Vaults:3)
  4 eleionomae
  4 deep elf death magi (Elf:3)
  Snorg (D:13)
  6 death oozes
  5 crystal guardians (Desolation)
  Josephine (D:13)
  4 yaktaur captains
  2 fire dragons
  4 great orbs of eyes
  An ettin (Vaults:2)
  6 ragged hierophants (Desolation)
  3 deep elf high priests
  8 naga warriors
  A jiangshi (Vaults:3)
  3 servants of whispers (Desolation)
  A rakshasa (Vaults:2)
  A boulder beetle (D:14)
  7 peacekeepers (Desolation)
  2 ice dragons
  14 anacondas
  25 hydras
  2 ghost crabs
  8 centaur warriors
  6 alligators
  Erica (D:10)
  A catoblepas (D:14)
  A tengu warrior (D:15)
  A deep troll earth mage (Vaults:3)
  8 two-headed ogres
  A deep troll shaman (Vaults:3)
  6 death yaks
  14 naga sharpshooters
  4 ogre magi
  33 dancing weapons
  An orc high priest (Orc:2)
  9 shock serpents
  14 deep elf knights
  2 salamander mystics (Snake:4)
  A small abomination (Elf:3)
  Nergalle (D:10)
  Sonja (Lair:4)
  A fire crab (Lair:6)
  2 goliath frogs
  A shadow wraith (Vaults:3)
  A deep troll (Vaults:3)
  A sea snake (Snake:1)
  A glowing orange brain (Vaults:1)
  An unseen horror (Vaults:1)
  20 deep elf archers
  A glowing orange brain (shapeshifter) (Elf:3)
  3 wizards
  13 ironbrand convokers
  A bog body (Swamp:1)
  7 naga ritualists
  12 swamp dragons
  A necromancer (D:13)
  15 orc knights
  9 mana vipers
  5 shining eyes
  A wolf spider (Vaults:3)
  53 deep elf magi
  9 will-o-the-wisps
  4 cyclopes
  A manticore (D:12)
  8 salamanders
  2 orc sorcerers
  A salamander (shapeshifter) (Vaults:3)
  43 ugly things
  20 guardian serpents
  6 centaur zombies
  42 black mambas
  15 elephants
  Maurice (D:9)
  An ice statue (IceCv)
  7 vault sentinels
  14 naga magi
  32 cane toads
  2 centaur skeletons (D:14)
  2 molten gargoyles (Desolation)
  3 torpor snails
  Maggie (D:7)
  A kobold demonologist (D:12)
  6 rime drakes
  15 yaktaurs
  A tengu conjurer (D:13)
  5 freezing wraiths
  7 komodo dragons
  8 trolls
  23 polar bears
  A polar bear (shapeshifter) (Vaults:2)
  7 tyrant leeches
  A bloated husk (Swamp:2)
  8 hornets
  43 blink frogs
  52 saltlings (Desolation)
  7 dream sheep (Lair:4)
  56 slime creatures
  Sigmund (D:2)
  3 shadows
  A tarantella (shapeshifter) (Vaults:3)
  3 redbacks (Vaults:1)
  6 air elementals
  7 spriggans
  5 wyverns
  57 yaks
  5 water elementals
  A hog (shapeshifter) (Vaults:1)
  A fire elemental (Elf:2)
  3 wraiths
  4 fire bats (Lair:3)
  A steam dragon (D:15)
  5 basilisks
  10 vampire mosquitoes
  5 golden eyes
  A human simulacrum (Vaults:1)
  A yaktaur simulacrum (Vaults:2)
  48 nagas
  8 wargs
  17 swamp worms
  3 acid dragons
  Duvessa (D:7)
  12 water moccasins
  7 swamp drakes
  42 orc warriors
  7 ice beasts
  A black bear (D:10)
  2 eyes of draining (Slime:2)
  2 phantoms
  3 sky beasts
  17 ogres
  35 wolves
  7 boggarts
  18 centaurs
  3 big kobolds
  30 bullfrogs
  2 gnoll sergeants
  Dowan (D:7)
  4 earth elementals
  2 wyvern skeletons
  3 scorpions
  2 troll zombies (D:12)
  15 killer bees
  16 wights
  2 howler monkeys
  5 electric eels
  A lava snake (Lair:3)
  A bullfrog zombie (D:12)
  12 hounds
  9 orc priests
  3 jellies
  21 orc wizards
  5 bullfrog skeletons
  6 iguanas
  7 worker ants
  4 ogre zombies (D:12)
  2 hound zombies
  3 hound skeletons
  A howler monkey skeleton (D:10)
  8 gnolls
  13 adders
  8 river rats
  2 shadow imps (D:10)
  3 white imps (D:5)
  5 oozes
  3 worms
  2 dart slugs
  5 leopard geckos
  97 orcs
  4 giant cockroaches
  10 goblins
  11 hobgoblins
  11 jackals
  16 kobolds
  6 quokkas
  10 ball pythons (Sewer)
  4 bats
  7 frilled lizards
  A giant cockroach zombie (D:5)
  A goblin skeleton (D:12)
  5 goblin zombies (D:12)
  A hobgoblin skeleton (D:12)
  3 hobgoblin zombies (D:12)
  2 jackal skeletons (D:4)
  A leopard gecko zombie (D:5)
  2 orc skeletons (D:12)
  7 orc zombies (D:12)
  A quokka skeleton (D:9)
  29 rats
  2 crawling corpses (Elf:3)
1709 creatures vanquished.

Vanquished Creatures (collateral kills)
  An acid blob (Slime:5)
  An azure jelly (Slime:1)
  Donald (Elf:1)
  A vault warden (Vaults:1)
  An ironheart preserver (Vaults:1)
  2 eleionomae
  A servant of whispers (Desolation)
  2 naga warriors
  An ice dragon (Vaults:1)
  3 hydras
  A peacekeeper (Desolation)
  A vault guard (Vaults:2)
  An anaconda (Snake:4)
  A ghost crab (Swamp:3)
  2 dancing weapons (Elf:2)
  An alligator (Swamp:2)
  3 naga sharpshooters
  A deep elf knight (Elf:2)
  A naga ritualist (Snake:4)
  3 swamp dragons
  3 bog bodies
  An orange crystal statue (Elf:2)
  An ugly thing (Vaults:1)
  2 deep elf magi (Elf:1)
  A shining eye (Slime:5)
  2 black mambas
  4 naga magi (Snake:4)
  A torpor snail (Swamp:1)
  2 guardian serpents (Snake:4)
  A cane toad (Lair:1)
  A yaktaur (Vaults:2)
  A hornet (Swamp:1)
  2 tyrant leeches
  4 slime creatures
  A wraith (D:13)
  2 fire elementals
  8 nagas (Snake:4)
  2 swamp worms
  3 swamp drakes
  An eye of draining (Slime:2)
  A boggart (Vaults:1)
  5 foxfires
78 creatures vanquished.

Vanquished Creatures (others)
  Nikola (Elf:1)
  Asterion (Snake:4)
  A deep elf knight (Elf:1)
  A deep elf mage (Elf:1)
  A water nymph (shapeshifter) (Elf:1)
  A saltling (Desolation)
  A fire elemental (Elf:3)
  2 vampire mosquitoes (Swamp:2)
  A swamp worm (Swamp:2)
  A naga (Lair:3)
  A water moccasin (Lair:4)
  A kobold (D:12)
  A fire vortex (Lair:3)
  784 foxfires
  53 fungi
  164 plants
1015 creatures vanquished.

Grand Total: 2802 creatures vanquished

Notes
Turn   | Place    | Note
-------+----------+-------------------------------------------
     0 | D:1      | greynaab the Gnoll Fire Elementalist began the quest for
                  | the Orb.
     0 | D:1      | Reached XP level 1. HP: 13/13 MP: 6/6
   121 | D:1      | Reached XP level 2. HP: 19/19 MP: 4/7
   600 | D:1      | Reached XP level 3. HP: 25/25 MP: 5/9
   629 | D:1      | Reached skill level 5 in Spellcasting
  1100 | D:2      | Reached skill level 1 in Invocations
  1260 | D:2      | Reached skill level 1 in Fighting
  1260 | D:2      | Reached skill level 1 in Short Blades
  1260 | D:2      | Reached skill level 1 in Long Blades
  1260 | D:2      | Reached skill level 1 in Axes
  1260 | D:2      | Reached skill level 1 in Maces & Flails
  1260 | D:2      | Reached skill level 1 in Polearms
  1260 | D:2      | Reached skill level 1 in Staves
  1260 | D:2      | Reached skill level 1 in Slings
  1260 | D:2      | Reached skill level 1 in Bows
  1260 | D:2      | Reached skill level 1 in Crossbows
  1260 | D:2      | Reached skill level 1 in Throwing
  1260 | D:2      | Reached skill level 1 in Armour
  1260 | D:2      | Reached skill level 1 in Shields
  1260 | D:2      | Reached skill level 1 in Unarmed Combat
  1260 | D:2      | Reached skill level 1 in Evocations
  1264 | D:2      | Reached XP level 4. HP: 32/32 MP: 7/11
  1544 | D:2      | Found an iron altar of Okawaru.
  1566 | D:2      | Learned a level 3 spell: Inner Flame
  1571 | D:2      | Learned a level 4 spell: Sticky Flame
  1573 | D:2      | Became a worshipper of Warmaster Okawaru
  1600 | D:2      | Noticed Sigmund
  1763 | D:3      | Reached skill level 1 in Hexes
  1763 | D:3      | Reached skill level 1 in Summonings
  1763 | D:3      | Reached skill level 1 in Necromancy
  1763 | D:3      | Reached skill level 1 in Translocations
  1763 | D:3      | Reached skill level 1 in Transmutations
  1763 | D:3      | Reached skill level 1 in Ice Magic
  1763 | D:3      | Reached skill level 1 in Air Magic
  1763 | D:3      | Reached skill level 1 in Earth Magic
  1763 | D:3      | Reached skill level 1 in Poison Magic
  1772 | D:3      | Found a shimmering blue altar of Sif Muna.
  1783 | D:3      | Reached XP level 5. HP: 37/37 MP: 8/12
  1898 | D:3      | Found a transporter.
  1898 | D:3      | Noticed MemeProof's ghost (amateur MiFi)
  1902 | D:3      | Found a transporter.
  2064 | D:3      | Found a glowing drain.
  2074 | Sewer    | Entered a sewer
  2221 | Sewer    | Reached skill level 2 in Invocations
  2221 | Sewer    | Reached XP level 6. HP: 44/44 MP: 10/13
  2474 | Sewer    | Reached skill level 5 in Dodging
  2613 | Sewer    | Reached * piety under Okawaru
  2618 | Sewer    | Reached XP level 7. HP: 47/50 MP: 7/15
  2793 | D:3      | Found a bloodstained altar of Trog.
  3996 | D:5      | Entered Level 5 of the Dungeon
  4312 | D:5      | Reached skill level 5 in Stealth
  4312 | D:5      | Reached skill level 3 in Invocations
  4549 | D:5      | Reached XP level 8. HP: 51/57 MP: 8/16
  4635 | D:5      | Reached ** piety under Okawaru
  5074 | D:6      | Learned a level 3 spell: Conjure Flame
  5397 | D:6      | Found a staircase to the Ecumenical Temple.
  5436 | D:6      | Found a shadowy altar of Dithmenos.
  6261 | D:7      | Noticed Duvessa
  6262 | D:7      | Noticed Dowan
  6332 | D:6      | Reached skill level 4 in Invocations
  6466 | D:7      | Noticed Maggie
  6472 | D:7      | Killed Duvessa
  6473 | D:7      | Reached XP level 9. HP: 64/65 MP: 16/18
  6479 | D:7      | Killed Dowan
  6743 | D:7      | Found a stormy altar of Qazlal.
  6785 | D:7      | Reached *** piety under Okawaru
  7242 | D:7      | Killed Maggie
  7579 | D:7      | Paralysed by a wight for 3 turns
  7758 | D:7      | Noticed a deep elf mage
  7758 | D:7      | Noticed Tocho's ghost (novice DECj)
  8146 | D:7      | Found a runed translucent gate.
  8147 | D:7      | Found a runed translucent gate.
  8148 | D:7      | Found a runed translucent gate.
  8296 | D:7      | Learned a level 3 spell: Ignite Poison
  8300 | D:7      | Learned a level 3 spell: Mephitic Cloud
  8877 | D:2      | Killed Sigmund
  8878 | D:2      | Reached skill level 5 in Invocations
  9617 | D:8      | Reached **** piety under Okawaru
  9618 | D:8      | Reached XP level 10. HP: 73/73 MP: 16/20
  9902 | D:8      | Noticed a two-headed ogre
  9978 | D:9      | Reached skill level 5 in Fighting
  9978 | D:9      | Reached skill level 5 in Short Blades
  9978 | D:9      | Reached skill level 5 in Long Blades
  9978 | D:9      | Reached skill level 5 in Axes
  9978 | D:9      | Reached skill level 5 in Maces & Flails
  9978 | D:9      | Reached skill level 5 in Polearms
  9978 | D:9      | Reached skill level 5 in Staves
  9978 | D:9      | Reached skill level 5 in Slings
  9978 | D:9      | Reached skill level 5 in Bows
  9978 | D:9      | Reached skill level 5 in Crossbows
  9978 | D:9      | Reached skill level 5 in Throwing
  9978 | D:9      | Reached skill level 5 in Armour
  9978 | D:9      | Reached skill level 5 in Shields
  9978 | D:9      | Reached skill level 5 in Unarmed Combat
  9978 | D:9      | Reached skill level 5 in Evocations
  9987 | D:9      | Found a sacrificial altar of Ru.
 10085 | D:9      | Found Aqo Ofru's Book Shop.
 10106 | D:9      | Noticed Maurice
 10113 | D:9      | Learned a level 4 spell: Olgreb's Toxic Radiance
 10368 | D:9      | Found a hide-covered altar of Uskayaw.
 10469 | D:9      | Identified the Compendium of Changing and Evil Secrets
 10528 | D:9      | Got a steaming helmet
 10534 | D:9      | Identified the +1 helmet of Odwaphei {*Drain rC+ Will+
                  | Int+4} (You found it on level 9 of the Dungeon)
 10553 | D:9      | Killed Maurice
 10553 | D:9      | Received a gift from Okawaru
 10614 | D:9      | Reached ***** piety under Okawaru
 10727 | D:9      | Reached skill level 5 in Conjurations
 10761 | D:8      | Killed a two-headed ogre
 10762 | D:8      | Reached skill level 6 in Invocations
 10861 | D:8      | Found a glowing golden altar of the Shining One.
 10861 | D:8      | Found a glowing silver altar of Zin.
 10862 | D:8      | Found a white marble altar of Elyvilon.
 10931 | D:8      | Found a burning altar of Makhleb.
 10988 | D:10     | Entered Level 10 of the Dungeon
 11004 | D:10     | Found a shimmering altar of Xom.
 11059 | D:10     | Found a portal to a secret trove of treasure.
 11475 | D:10     | Found a staircase to the Lair.
 11475 | D:10     | Noticed an elephant
 11475 | D:10     | Noticed a death yak
 11475 | D:10     | Noticed Nergalle
 11498 | D:10     | Killed Nergalle
 11498 | D:10     | Received a gift from Okawaru
 11499 | D:10     | Reached XP level 11. HP: 81/81 MP: 17/22
 11737 | D:10     | Reached skill level 5 in Hexes
 11737 | D:10     | Reached skill level 5 in Summonings
 11737 | D:10     | Reached skill level 5 in Necromancy
 11737 | D:10     | Reached skill level 5 in Translocations
 11737 | D:10     | Reached skill level 5 in Transmutations
 11737 | D:10     | Reached skill level 5 in Ice Magic
 11737 | D:10     | Reached skill level 5 in Air Magic
 11737 | D:10     | Reached skill level 5 in Earth Magic
 11737 | D:10     | Reached skill level 5 in Poison Magic
 11742 | D:10     | Noticed Erica
 11747 | D:10     | Killed Erica
 11747 | D:10     | Received a gift from Okawaru
 11868 | D:10     | Found Zuqupul's Assorted Antiques.
 12221 | D:10     | Received a gift from Okawaru
 12237 | D:10     | Killed a death yak
 12237 | D:10     | Received a gift from Okawaru
 12435 | D:11     | Noticed a red ugly thing
 12519 | D:11     | Killed a red ugly thing
 12520 | D:11     | Reached skill level 7 in Invocations
 12629 | D:11     | Found a frozen archway.
 12631 | D:11     | Noticed an ice dragon
 12847 | D:11     | Killed an ice dragon
 12847 | D:11     | Received a gift from Okawaru
 12854 | D:11     | Got an encrusted chain mail {god gift}
 12875 | IceCv    | Entered an ice cave
 13247 | IceCv    | Noticed a death yak
 13253 | IceCv    | Reached XP level 12. HP: 89/89 MP: 17/24
 13275 | IceCv    | Killed a death yak
 14181 | IceCv    | Reached ****** piety under Okawaru
 14182 | IceCv    | Reached skill level 8 in Invocations
 14343 | IceCv    | Noticed a frost giant
 14694 | IceCv    | Received a gift from Okawaru
 14700 | IceCv    | Killed a frost giant
 15164 | D:11     | Identified the +3 chain mail of the Sturgeon {rPois Int-3
                  | Dex+7} (Okawaru gifted it to you on level 11 of the
                  | Dungeon)
 15382 | D:11     | Noticed a two-headed ogre
 15385 | D:11     | Received a gift from Okawaru
 15393 | D:11     | Killed a two-headed ogre
 15394 | D:11     | Reached XP level 13. HP: 82/98 MP: 14/26
 15643 | Lair:1   | Entered Level 1 of the Lair of Beasts
 15788 | Lair:1   | Received a gift from Okawaru
 16974 | Lair:2   | Reached skill level 9 in Invocations
 17138 | Lair:2   | Learned a level 2 spell: Blink
 17359 | Lair:2   | Received a gift from Okawaru
 17369 | Lair:2   | Found a transporter.
 17372 | Lair:2   | Found a transporter.
 17577 | Lair:2   | Got a heavy robe
 17610 | Lair:2   | Identified the cursed +0 robe of Indomitability {rC+ Int+7}
                  | (You found it on level 2 of the Lair of Beasts)
 17663 | Lair:2   | Received a gift from Okawaru
 17875 | Lair:2   | Found a staircase to the Swamp.
 18175 | Lair:3   | Received a gift from Okawaru
 18212 | Lair:3   | Learned a level 2 spell: Swiftness
 18214 | Lair:3   | Learned a level 1 spell: Apportation
 18375 | Lair:3   | Reached skill level 10 in Spellcasting
 19064 | Lair:3   | Reached XP level 14. HP: 106/106 MP: 9/28
 19320 | Lair:3   | Reached skill level 10 in Dodging
 19401 | Lair:3   | Found a staircase to the Snake Pit.
 19615 | Lair:3   | Noticed Rupert
 19627 | Lair:3   | Killed Rupert
 19627 | Lair:3   | Received a gift from Okawaru
 19638 | Lair:3   | Got an iridescent broad axe {god gift}
 19639 | Lair:3   | Identified the +7 broad axe of the Lonely Wonders
                  | {antimagic, rF++ rN+ Int-4} (Okawaru gifted it to you on
                  | level 3 of the Lair of Beasts)
 20049 | Lair:4   | Noticed Sonja
 20052 | Lair:4   | Killed Sonja
 20136 | Lair:4   | Reached skill level 10 in Stealth
 20394 | Lair:4   | Reached skill level 10 in Invocations
 20396 | Lair:4   | Received a gift from Okawaru
 20401 | Lair:4   | Got a pitted great sword {god gift}
 20407 | Lair:4   | Identified the +8 great sword "Viukh" {freeze, rElec}
                  | (Okawaru gifted it to you on level 4 of the Lair of Beasts)
 21371 | Lair:5   | Found a viscous altar of Jiyva.
 21372 | Lair:5   | Found a staircase to the Slime Pits.
 22299 | Lair:6   | Entered Level 6 of the Lair of Beasts
 22620 | Lair:6   | Received a gift from Okawaru
 22797 | Lair:6   | Got a bloodstained broad axe {god gift}
 22807 | Lair:5   | Identified the +3 broad axe "Grim Tooth" {protect, Will+
                  | Int+7} (Okawaru gifted it to you on level 6 of the Lair of
                  | Beasts)
 23026 | Lair:5   | Reached XP level 15. HP: 87/115 MP: 25/29
 23464 | Lair:6   | Received a gift from Okawaru
 23777 | Lair:6   | Reached skill level 10 in Fire Magic
 23802 | Lair:6   | Received a gift from Okawaru
 23876 | Lair:6   | Found a large runed translucent door.
 23876 | Lair:6   | Found a large runed translucent door.
 23880 | Lair:6   | Noticed Wostir's ghost (journeyman TeMo)
 24175 | Lair:6   | Reached skill level 10 in Fighting
 24175 | Lair:6   | Reached skill level 10 in Short Blades
 24175 | Lair:6   | Reached skill level 10 in Long Blades
 24175 | Lair:6   | Reached skill level 10 in Axes
 24175 | Lair:6   | Reached skill level 10 in Maces & Flails
 24175 | Lair:6   | Reached skill level 10 in Polearms
 24175 | Lair:6   | Reached skill level 10 in Staves
 24175 | Lair:6   | Reached skill level 10 in Slings
 24175 | Lair:6   | Reached skill level 10 in Bows
 24175 | Lair:6   | Reached skill level 10 in Crossbows
 24175 | Lair:6   | Reached skill level 10 in Throwing
 24175 | Lair:6   | Reached skill level 10 in Armour
 24175 | Lair:6   | Reached skill level 10 in Shields
 24175 | Lair:6   | Reached skill level 10 in Unarmed Combat
 24175 | Lair:6   | Reached skill level 10 in Evocations
 25918 | D:11     | Reached skill level 11 in Invocations
 26489 | D:12     | Found a staircase to the Orcish Mines.
 27161 | D:12     | Noticed Gastronok
 27182 | D:12     | Killed Gastronok
 27481 | D:12     | Identified a scroll of acquirement
 27482 | D:12     | Acquired the +5 hand crossbow of Tauw {penet, rF+}
 28085 | D:12     | Learned a level 6 spell: Starburst
 28299 | Orc:1    | Entered Level 1 of the Orcish Mines
 28305 | Orc:1    | Received a gift from Okawaru
 28404 | Orc:1    | Found Rixol's Antique Weapon Emporium.
 28456 | Orc:1    | Found a bloodstained altar of Trog.
 28606 | Orc:2    | Entered Level 2 of the Orcish Mines
 28687 | Orc:2    | Found a roughly hewn altar of Beogh.
 28710 | Orc:2    | Received a gift from Okawaru
 29157 | Orc:2    | Reached XP level 16. HP: 119/123 MP: 10/31
 29518 | Orc:2    | Noticed Saint Roka
 29882 | Orc:2    | Killed Saint Roka
 30242 | Orc:2    | Found a roughly hewn altar of Beogh.
 30272 | Orc:2    | Found a staircase to the Elven Halls.
 30369 | Orc:2    | Found Hiof's Armour Shoppe.
 30369 | Orc:2    | Found Timaimuge's Distillery.
 30407 | Orc:2    | Found Farohub's Gadget Shoppe.
 30600 | Orc:2    | Found Unicho's General Store.
 30600 | Orc:2    | Found Exkad's Antique Weapon Boutique.
 30848 | Orc:2    | Bought a scroll of identify for 30 gold pieces
 30881 | Orc:2    | Bought 2 potions of heal wounds for 120 gold pieces
 30881 | Orc:2    | Bought a potion of heal wounds for 60 gold pieces
 31279 | D:9      | Bought a book of Transfigurations for 660 gold pieces
 31286 | D:9      | Learned a level 6 spell: Statue Form
 31624 | Lair:6   | Killed Wostir's ghost
 31631 | Lair:6   | Acquired a +1 pair of gloves of archery
 31838 | Orc:1    | Bought a glowing demon whip for 522 gold pieces
 32006 | Snake:1  | Entered Level 1 of the Snake Pit
 32045 | Snake:1  | Received a gift from Okawaru
 32048 | Snake:1  | Got a crude hunting sling {god gift}
 32049 | Snake:1  | Identified the +3 hunting sling "Ynes" {venom, rC- MP+9
                  | Str+3 SInv} (Okawaru gifted it to you on level 1 of the
                  | Snake Pit)
 32156 | Snake:1  | Noticed Agnes
 32163 | Snake:1  | Killed Agnes
 32758 | Snake:1  | Received a gift from Okawaru
 33116 | Snake:1  | Received a gift from Okawaru
 33465 | Lair:1   | Learned a level 4 spell: Summon Lightning Spire
 33998 | Snake:2  | Found Athad's Jewellery Emporium.
 34033 | Snake:2  | Found Ronof's Armour Shop.
 34164 | Snake:2  | Reached skill level 12 in Invocations
 34170 | Snake:2  | Received a gift from Okawaru
 34250 | Snake:2  | Found Icakh's Weapon Boutique.
 34263 | Snake:2  | Noticed a nagaraja
 34274 | Snake:2  | Killed a nagaraja
 34301 | Snake:2  | Found Qaorr's Armour Boutique.
 34635 | Snake:3  | Noticed a nagaraja
 34647 | Snake:2  | Killed a nagaraja
 34810 | Snake:3  | Reached XP level 17. HP: 131/131 MP: 27/33
 35297 | Snake:3  | Received a gift from Okawaru
 35798 | Snake:4  | Entered Level 4 of the Snake Pit
 35893 | Snake:4  | Received a gift from Okawaru
 35933 | Snake:4  | Reached skill level 10 in Conjurations
 36329 | Snake:4  | Noticed Vashnia
 36403 | Snake:4  | Killed Vashnia
 37080 | Snake:4  | Reached skill level 10 in Hexes
 37080 | Snake:4  | Reached skill level 10 in Summonings
 37080 | Snake:4  | Reached skill level 10 in Necromancy
 37080 | Snake:4  | Reached skill level 10 in Translocations
 37080 | Snake:4  | Reached skill level 10 in Transmutations
 37080 | Snake:4  | Reached skill level 10 in Ice Magic
 37080 | Snake:4  | Reached skill level 10 in Air Magic
 37080 | Snake:4  | Reached skill level 10 in Earth Magic
 37080 | Snake:4  | Reached skill level 10 in Poison Magic
 37466 | Snake:4  | Received a gift from Okawaru
 37619 | Snake:4  | Noticed Asterion
 37633 | Snake:4  | Killed Asterion
 37972 | Snake:4  | Reached XP level 18. HP: 140/140 MP: 23/34
 37981 | Snake:4  | Received a gift from Okawaru
 38223 | Snake:4  | Received a gift from Okawaru
 38318 | Snake:4  | Got a serpentine rune of Zot
 38494 | Lair:2   | Reached skill level 13 in Invocations
 38505 | Swamp:1  | Entered Level 1 of the Swamp
 38585 | Swamp:1  | Received a gift from Okawaru
 38926 | Swamp:1  | Found a runed translucent door.
 38945 | Swamp:1  | Noticed Aizul
 38954 | Swamp:1  | Killed Aizul
 40626 | Swamp:3  | Got a pair of spiked gloves
 40637 | Swamp:3  | Identified the +2 pair of gloves of Summertime {rCorr} (You
                  | found it on level 3 of the Swamp)
 40858 | Swamp:3  | Received a gift from Okawaru
 41100 | Swamp:3  | Upgraded the game from 0.26.1 to 0.26.1-2-gb8aa6d0cf2
 41835 | Swamp:4  | Entered Level 4 of the Swamp
 42012 | Swamp:4  | Noticed Bai Suzhen
 42269 | D:13     | Noticed Snorg
 42276 | D:13     | Killed Snorg
 42448 | D:13     | Noticed Josephine
 42453 | D:13     | Killed Josephine
 43010 | D:13     | Found a gate to the Vaults.
 43205 | D:14     | Reached XP level 19. HP: 129/147 MP: 36/36
 43522 | D:14     | Received a gift from Okawaru
 44187 | D:14     | Received a gift from Okawaru
 44247 | D:14     | Identified the +3 ring mail of the Fiddle {rN++ Int+5
                  | Dex-3} (Okawaru gifted it to you on level 14 of the
                  | Dungeon)
 44253 | D:15     | Entered Level 15 of the Dungeon
 44919 | D:15     | Noticed Nessos
 44923 | D:15     | Killed Nessos
 45015 | D:15     | Found a staircase to the Depths.
 45414 | Vaults:1 | Entered Level 1 of the Vaults
 45674 | Vaults:1 | Found a ruined gateway.
 45689 | Desolati | Entered the Desolation of Salt
 45698 | Desolati | Learned a level 5 spell: Lee's Rapid Deconstruction
 45809 | Desolati | Received a gift from Okawaru
 45835 | Desolati | Got a pitted cloak {god gift}
 45846 | Desolati | Identified the +0 cloak of Berofopt {Dex+3} (Okawaru gifted
                  | it to you in the Desolation of Salt)
 45939 | Desolati | Reached skill level 14 in Invocations
 46255 | Desolati | Got a steaming platinum ring
 46257 | Desolati | Got a pitted ivory ring
 46262 | Desolati | Identified the ring of Neciat {+Inv rN+ Str+6 Int+3 SInv}
                  | (You found it in the Desolation of Salt)
 46264 | Desolati | Identified the ring of Miracles {Wiz rElec Int+2} (You
                  | found it in the Desolation of Salt)
 46317 | Desolati | Identified the +7 spear "Olocaico" {protect, rN+}
 46317 | Desolati | Identified the cursed +3 hand crossbow "Wuvalavilu"
                  | {vorpal, rPois rC+ rN+ Str+2}
 46359 | Desolati | Identified a +2 pair of boots of running (You found it in
                  | the Desolation of Salt)
 46428 | Desolati | Identified the +1 leather armour of the Onion {*Slow rElec
                  | Regen+ Stlth-}
 46643 | Desolati | Reached XP level 20. HP: 118/151 MP: 26/37
 46887 | Desolati | Identified the Collected Works on Creative Evil Secrets
 46927 | Desolati | Identified the ring of Nyupidul {rF+ Int-5 Dex+6 Slay+5}
 48060 | Snake:2  | Learned a level 7 spell: Spellforged Servitor
 48068 | Snake:2  | Learned a level 7 spell: Orb of Destruction
 48075 | Snake:2  | Learned a level 6 spell: Iron Shot
 48541 | Vaults:1 | Received a gift from Okawaru
 49304 | Vaults:2 | Received a gift from Okawaru
 49437 | Vaults:2 | Received a gift from Okawaru
 49474 | Vaults:2 | Found a flickering gateway to a bazaar.
 49510 | Bazaar   | Entered a bazaar
 49633 | Bazaar   | Found Wustruanle's Jewellery Shop.
 49647 | Bazaar   | Found Juceyj's Antique Armour Shop.
 49693 | Bazaar   | Bought an embroidered scarf for 288 gold pieces
 49693 | Bazaar   | Bought a jewelled helmet for 342 gold pieces
 49724 | Vaults:2 | Identified the +0 helmet of Guulic {rF- Str+5} (You bought
                  | it in a shop in a bazaar)
 50239 | Vaults:2 | Noticed Frederick
 50252 | Vaults:2 | Killed Frederick
 51127 | Vaults:2 | Received a gift from Okawaru
 51130 | Vaults:2 | Got a masterwork eveningstar {god gift}
 51131 | Vaults:2 | Identified the +9 eveningstar "Kah Fyc" {speed, +Fly rElec
                  | rF+} (Okawaru gifted it to you on level 2 of the Vaults)
 52729 | Vaults:3 | Found Buukumma's Weapon Shop.
 52746 | Vaults:3 | Found a staircase to the Crypt.
 52753 | Vaults:3 | Reached XP level 21. HP: 164/164 MP: 37/39
 52764 | Vaults:3 | Received a gift from Okawaru
 53535 | Swamp:4  | Killed Bai Suzhen
 54050 | Swamp:4  | Noticed Mara
 54053 | Swamp:4  | Noticed greynaab's illusion
 54359 | Swamp:4  | Killed Mara
 54854 | Swamp:4  | Noticed the 27-headed Lernaean hydra
 54871 | Swamp:4  | Killed the 27-headed Lernaean hydra
 54872 | Swamp:4  | Reached skill level 15 in Invocations
 54878 | Swamp:4  | Received a gift from Okawaru
 55121 | Swamp:4  | Got a decaying rune of Zot
 55713 | Elf:1    | Entered Level 1 of the Elven Halls
 55713 | Elf:1    | Found Ocommig's Book Shoppe.
 55781 | Elf:1    | Received a gift from Okawaru
 55782 | Elf:1    | Noticed Nikola
 55802 | Elf:1    | Killed Nikola
 55967 | Elf:1    | Noticed Donald
 55985 | Elf:1    | Killed Donald
 56001 | Elf:1    | Got a jewelled morningstar
 56002 | Elf:1    | Identified the +11 morningstar of the Distant Future
                  | {vorpal, +Fly MP+9} (You found it on level 1 of the Elven
                  | Halls)
 56119 | Elf:1    | Found Disiamym's Mass Market.
 56775 | Elf:1    | Noticed Jorgrun
 56793 | Elf:1    | Killed Jorgrun
 57610 | Elf:2    | Acquired a +2 kite shield of resistance
 57849 | Elf:2    | Found a huge runed translucent gate.
 57849 | Elf:2    | Found a huge runed translucent gate.
 57860 | Elf:2    | Found a huge runed translucent gate.
 58193 | Elf:2    | Found a huge runed translucent gate.
 58193 | Elf:2    | Found a huge runed translucent gate.
 58523 | Elf:2    | Reached skill level 15 in Spellcasting
 58673 | Elf:2    | Reached XP level 22. HP: 172/172 MP: 36/41
 58942 | Elf:3    | Entered Level 3 of the Elven Halls
 58967 | Elf:3    | Found Kamm's Book Shoppe.
 59077 | Elf:3    | Received a gift from Okawaru
 59542 | Elf:3    | Reached skill level 15 in Dodging
 59621 | Elf:3    | Found Qysoi's Antique Weapon Shoppe.
 59630 | Elf:3    | Bought a faintly glowing broad axe for 306 gold pieces
 59632 | Elf:3    | Identified the +1 broad axe of Megalomania {speed, rC-
                  | Str+7 Dex+2} (You bought it in a shop on level 3 of the
                  | Elven Halls)
 59744 | Elf:3    | Found Paysebuatz's Weapon Shoppe.
 59786 | Elf:3    | Found Jeyzeurch's Jewellery Shop.
 59793 | Elf:3    | Found Plog's Armour Boutique.
 60079 | Elf:3    | Reached skill level 15 in Stealth
 60338 | Elf:3    | Received a gift from Okawaru
 60338 | Elf:3    | Identified the +6 whip of Incongruity {flame, rElec rPois
                  | Int-5 Dex+8}
 60364 | Elf:3    | Received a gift from Okawaru
 60416 | Elf:3    | Identified the ring of Ceodgh {Fire Int+6}
 60588 | Elf:3    | Received a gift from Okawaru
 60661 | Elf:3    | Identified the ring "Deguaf" {rElec Dex+6}
 60799 | Elf:3    | Identified the Collected Works on the Flying Volcanoes
 60867 | Elf:3    | Identified the Handbook of Ashen Creation
 61482 | Slime:1  | Entered Level 1 of the Pits of Slime
 61484 | Slime:1  | Gained mutation: Potions are less effective at restoring
                  | your health. [a shining eye]
 61707 | Slime:1  | Received a gift from Okawaru
 61949 | Slime:1  | Gained mutation: You are frail. (-10% HP) [a shining eye]
 61950 | Slime:1  | Gained mutation: Your body sometimes deteriorates upon
                  | taking damage. [a shining eye]
 62012 | Lair:5   | Reached skill level 16 in Invocations
 62233 | Slime:2  | Gained mutation: Your magical capacity is low. (-10% MP) [a
                  | shining eye]
 62344 | Slime:2  | Reached XP level 23. HP: 162/162 MP: 11/38
 62592 | Slime:5  | Entered Level 5 of the Pits of Slime
 62604 | Slime:5  | Received a gift from Okawaru
 62849 | Slime:5  | Noticed the Royal Jelly
 62856 | Slime:5  | Was placed under penance by Okawaru
 62868 | Slime:5  | Paralysed by a great orb of eyes for 7 turns
 62869 | Slime:5  | Annihilated by the Royal Jelly

Illustrated notes

Levels and vault maps discovered:
D:1:      minmay_arrival_five_plusses, layout_loops_ring
D:2:      cheibrodos_helix_gallery, layout_loops_ring,
          okawaru_ov_weapons_minmay, uniq_sigmund
D:3:      layout_rooms, lightli_temple_of_fire, overflow_temple_1_default,
          lightli_sewer_entry_pipes, gammafunk_ghost_arena,
          chequers_serial_rivers_micro_a
D:4:      layout_cave_pods
D:5:      layout_basic, mrwooster_statue_mirror
D:6:      layout_loops_ring, lemuel_crystal_altar, temple_statues,
          hangedman_decor_opposing
D:7:      layout_layer_cave, grunt_qazlal_clouds, gammafunk_ghost_split,
          uniq_duvessa, uniq_maggie
D:8:      layout_cave_pools, good_gods_temple_1, lemuel_coloured_pillars_altar
D:9:      layout_gridville, kennysheep_mini_moat,
          eat_drink_and_be_merry_uskayaw, serial_shops, nicolae_shop_stone,
          uniq_maurice
D:10:     layout_long_grid, david_lair_generic, serial_shops, shop,
          enter_trove_1, xom_teletrap_fun, uniq_erica, uniq_nergalle
D:11:     layout_basic, portal_ice_cave_entry_animals_and_master,
          grunt_ogre_cave
D:12:     layout_long_grid, zombieorc1_lemuel, uniq_gastronok
D:13:     layout_stronghold, david_vaults_1, uniq_snorg, uniq_josephine
D:14:     layout_basic, minmay_misc_feat_diagonals
D:15:     grunt_enter_depths_snipers, layout_loops_ring, minmay_hedge_maze,
          uniq_nessos
Lair:1:   layout_roguey, serial_bayou_lagoon_b
Lair:2:   gammafunk_boulding_lane, layout_regular_city,
          skrybe_swamp_entry_bodies, st_stairs_3
Lair:3:   beast_lair_carwin_large_4, layout_gridlike,
          minmay_snake_entry_guardpost_medium, bh_autumn_forest_stairs,
          serial_bayou_pond_b, uniq_rupert
Lair:4:   layout_roguey, serial_rivers, chequers_serial_rivers_small_3,
          chequers_serial_rivers_micro_a, chequers_serial_rivers_room_a,
          chequers_serial_rivers_small_3, uniq_sonja
Lair:5:   layout_loops_ring, slime_altar_1
Lair:6:   minmay_lair_end_frog_pond, layout_long_grid,
          ebering_ghost_disaster_area
Swamp:1:  gammafunk_mikee_crab_dinner, layout_falls_marsh,
          evilmike_swamp_ruin_house_2, worms_lemuel, infiniplex_staircase_pool,
          uniq_aizul
Swamp:2:  layout_falls_marsh, evilmike_swamp_ruin_house_3
Swamp:3:  nzn_winding_woodlands_three_and_one
          [nzn_winding_woodlands_5x15_pathside_ponds,
          nzn_winding_woodlands_5x15_parted, nzn_winding_woodlands_5x15_twine,
          nzn_winding_woodlands_center_diamonds], layout_falls_marsh,
          evilmike_swamp_ruin_house_6, swamp_pool1, nicolae_swamp_round_clearing
Swamp:4:  swamp_old_school, layout_basic_swamp, uniq_mara, uniq_bai_suzhen
Snake:1:  layout_onion, special_room, serial_bayou_shore_a, grunt_megastairs_1,
          uniq_agnes
Snake:2:  layout_misc_corridors, serial_shops, shop, shop, nicolae_shop_trees,
          nicolae_shop_crystal
Snake:3:  layout_rooms, nrook_guardian_serpent_ordinary
Snake:4:  grunt_snake_rune_serpentine_throne, layout_misc_corridors,
          uniq_asterion, uniq_vashnia
Slime:1:  layout_caves
Slime:2:  layout_caves
Slime:3:  layout_caves
Slime:4:  layout_caves, nicolae_slime_welcoming_committee
Slime:5
Orc:1:    layout_caves, basic_altar, serial_shops, nicolae_shop_stone
Orc:2:    st_orc_town, layout_caves, serial_shops, shop, basic_altar,
          uniq_saint_roka
Elf:1:    layout_loops_corners, serial_shops, shop, minivault_28,
          nicolae_elf_v_pinch, minmay_shop_mass, dk_noncrumbling_2, uniq_donald,
          uniq_jorgrun, uniq_nikola
Elf:2:    layout_gridlike, minivault_16
Elf:3:    elf_hall_gauntlet_narrow, layout_geoelf_diagonals, serial_shops, shop,
          nicolae_shop_stone, shop, shop, shop_statue, grunt_ministairs_6
Vaults:1: v_misc_18, grunt_vaults_diagonal, hangedman_vaults_impose, v_misc_25,
          v_pattern_2, v_misc_4, vaults_room_octagon, dpeg_vaults_monster_row,
          vaults_room_grunt_arrival_ludios, ontoclasm_vaults_shuriken,
          layout_vaults_maze, portal_desolation_entry_nicolae_slug
Vaults:2: v_misc_9, nicolae_vaults_twisting_passages,
          nicolae_vaults_ninety_degrees, v_misc_28, vaults_dpeg_diagonal,
          vaults_mumra_lcd, vaults_standard_mumra_enter_the_diamond,
          hangedman_vaults_stretched_pinwheel, nicolae_vaults_little_ls,
          v_misc_15, dpeg_vaults_monster_box, nicolae_vaults_murderbox,
          vaults_room_pools, layout_vaults_omnicross, serial_shops,
          bzr_entry_lakeside, uniq_margery, uniq_frederick
Vaults:3: hangedman_vaults_nodes, v_misc_29, hangedman_vaults_restitches,
          vaults_dpeg_encased_lava, nicolae_vaults_network_barrier,
          minmay_crypt_entry_simple_round, layout_vaults_omnigrid, serial_shops,
          shop

Skill      XL: |  1  2  3  4  5  6  7  8  9 10 11 12 13 14 15 16 17 18 19 20 21 22 |
---------------+-------------------------------------------------------------------+-----
Conjurations   | 2 3 4 5 6 7 8 9 10 11 12 13 | 13.0
Spellcasting   | 5 6 7 8 9 10 11 12 13 14 15 | 15.6
Invocations    | 1 2 3 4 5 6 7 8 9 10 11 12 13 14 15 16 | 16.1
Fighting       | 1 2 3 4 5 6 7 8 9 10 11 12 13 14 | 14.9
Short Blades   | 1 2 3 4 5 6 7 8 9 10 11 12 13 14 | 14.9
Long Blades    | 1 2 3 4 5 6 7 8 9 10 11 12 13 14 | 14.9
Axes           | 1 2 3 4 5 6 7 8 9 10 11 12 13 14 | 14.9
Maces & Flails | 1 2 3 4 5 6 7 8 9 10 11 12 13 14 | 14.9
Polearms       | 1 2 3 4 5 6 7 8 9 10 11 12 13 14 | 14.9
Staves         | 1 2 3 4 5 6 7 8 9 10 11 12 13 14 | 14.9
Slings         | 1 2 3 4 5 6 7 8 9 10 11 12 13 14 | 14.9
Bows           | 1 2 3 4 5 6 7 8 9 10 11 12 13 14 | 14.9
Crossbows      | 1 2 3 4 5 6 7 8 9 10 11 12 13 14 | 14.9
Throwing       | 1 2 3 4 5 6 7 8 9 10 11 12 13 14 | 14.9
Armour         | 1 2 3 4 5 6 7 8 9 10 11 12 13 14 | 14.9
Shields        | 1 2 3 4 5 6 7 8 9 10 11 12 13 14 | 14.9
Unarmed Combat | 1 2 3 4 5 6 7 8 9 10 11 12 13 14 | 14.9
Evocations     | 1 2 3 4 5 6 7 8 9 10 11 12 13 14 | 14.9
Hexes          | 1 2 3 4 5 6 7 8 9 10 11 12 | 12.9
Summonings     | 1 2 3 4 5 6 7 8 9 10 11 12 | 12.9
Necromancy     | 1 2 3 4 5 6 7 8 9 10 11 12 | 12.9
Translocations | 1 2 3 4 5 6 7 8 9 10 11 12 | 12.9
Transmutations | 1 2 3 4 5 6 7 8 9 10 11 12 | 12.9
Ice Magic      | 1 2 3 4 5 6 7 8 9 10 11 12 | 12.9
Air Magic      | 1 2 3 4 5 6 7 8 9 10 11 12 | 12.9
Earth Magic    | 1 2 3 4 5 6 7 8 9 10 11 12 | 12.9
Poison Magic   | 1 2 3 4 5 6 7 8 9 10 11 12 | 12.9
Dodging        | 5 6 7 8 9 10 11 12 13 14 15 | 15.5
Stealth        | 5 6 7 8 9 10 11 12 13 14 15 | 15.4
Fire Magic     | 6 7 8 9 10 11 12 13 | 13.8

Action                   |  1- 3 |  4- 6 |  7- 9 | 10-12 | 13-15 | 16-18 | 19-21 | 22-24 || total
-------------------------+-------+-------+-------+-------+-------+-------+-------+-------++-------
Melee: Club              |     6 |       |       |       |       |       |       |       ||     6
       Dagger            |       |       |    60 |       |       |       |       |       ||    60
       Bite              |       |       |     9 |    59 |    42 |   120 |   202 |    75 ||   507
       Spear             |       |       |    30 |       |       |       |       |       ||    30
       Punch             |       |       |     2 |    12 |       |       |       |       ||    14
       Trident           |       |       |       |   391 |   272 |    78 |       |       ||   741
       Broad axe         |       |       |       |       |    15 |    32 |   156 |    14 ||   217
       Demon whip        |       |       |       |       |       |   925 |   685 |       ||  1610
       Eveningstar       |       |       |       |       |       |       |   550 |   445 ||   995
 Fire: Hunting sling     |     7 |    36 |   165 |     2 |       |       |       |       ||   210
       Fustibalus        |       |       |       |       |   920 |       |       |       ||   920
       Hand crossbow     |       |       |       |       |    92 |   644 |   136 |    25 ||   897
Throw: Stone             |     1 |       |       |       |       |       |       |       ||     1
       Dart              |       |       |    20 |    65 |    45 |       |       |     1 ||   131
 Cast: Foxfire           |    40 |    89 |   215 |    33 |    73 |       |       |       ||   450
       Ignite Poison     |       |       |     8 |    48 |   103 |    24 |    28 |    21 ||   232
       Mephitic Cloud    |       |       |     2 |     7 |    14 |    10 |     1 |     2 ||    36
       Conjure Flame     |       |       |     2 |     6 |       |       |       |       ||     8
       Sticky Flame      |       |       |     1 |     3 |    67 |       |       |       ||    71
       Olgreb's Toxic Ra |       |       |       |    27 |    94 |    20 |    28 |    20 ||   189
       Inner Flame       |       |       |       |     4 |       |       |       |       ||     4
       Swiftness         |       |       |       |       |     1 |       |       |       ||     1
       Statue Form       |       |       |       |       |       |    33 |    22 |    10 ||    65
       Summon Lightning  |       |       |       |       |       |    76 |    17 |     3 ||    96
       Starburst         |       |       |       |       |       |     2 |     3 |       ||     5
       Lee's Rapid Decon |       |       |       |       |       |       |    21 |       ||    21
       Spellforged Servi |       |       |       |       |       |       |    17 |     3 ||    20
       Orb of Destructio |       |       |       |       |       |       |    10 |     4 ||    14
       Iron Shot         |       |       |       |       |       |       |     2 |       ||     2
Invok: Heroism           |       |       |     2 |     5 |     9 |     7 |     8 |     1 ||    32
       Finesse           |       |       |       |       |       |     3 |       |       ||     3
Evoke: Wand              |       |       |     6 |    20 |    13 |    14 |     9 |     9 ||    71
       Phial of floods   |       |       |       |       |     1 |     1 |       |       ||     2
       Tin of tremorston |       |       |       |       |       |       |       |     3 ||     3
       Condenser vane    |       |       |       |       |       |       |       |     2 ||     2
       Phantom mirror    |       |       |       |       |       |       |       |     1 ||     1
  Use: Scroll            |       |     3 |    11 |     4 |    10 |    24 |    13 |     4 ||    69
       Potion            |       |     2 |     5 |     3 |     1 |       |     5 |     2 ||    18
 Stab: Sleeping          |       |       |     2 |    16 |     2 |    11 |    34 |     8 ||    73
       Distracted        |       |       |       |     1 |       |    12 |    13 |     1 ||    27
       Paralysed         |       |       |       |       |       |     4 |     9 |       ||    13
Armor: Robe              |     3 |       |     1 |       |       |       |       |       ||     4
       Ring mail         |       |    12 |    33 |       |       |       |       |       ||    45
       Steam dragon scal |       |       |     9 |   103 |    73 |    72 |    68 |    41 ||   366
       Skin              |       |       |       |       |       |   133 |   138 |    99 ||   370
Dodge: Dodged            |    11 |    21 |   160 |   268 |   229 |   476 |   562 |   262 ||  1989
Block: Other             |       |       |       |    59 |       |       |       |       ||    59
       Kite shield       |       |       |       |    12 |   522 |   898 |  1091 |   333 ||  2856
       Reflection        |       |       |       |       |    21 |   109 |    68 |    17 ||   215
